 Dungeon Crawl Stone Soup version 0.28.0-49-g6dfe1f597d (webtiles) character file.

Game seed: 11028848582330130482

138 Jerry the Shield-Bearer (level 5, -13/28 HPs)
             Began as a Vine Stalker Fighter on May 18, 2022.
             Blown up by Ijyb (17 damage)
             ... with a mindburst bolt
             ... on level 4 of the Dungeon.
             The game lasted 00:07:37 (3019 turns).

Jerry the Shield-Bearer (Vine Stalker Fighter)      Turns: 3019, Time: 00:07:39

Health: -13/28     AC: 30    Str: 19    XL:     5   Next: 21%
Magic:  0/6        EV:  7    Int:  8    God:
Gold:   132        SH:  5    Dex: 18    Spells: 4/4 levels left

rFire   . . .      SeeInvis .   a - +0 long sword
rCold   . . .      Faith    .   c - +0 buckler
rNeg    . . .      Spirit   +   h - +18 Lear's hauberk
rPois   .          Reflect  .   (helmet currently unavailable)
rElec   .          Harm     .   i - +2 cloak of Ignis's Fury {Dex+3}
rCorr   .          Rampage  .   (gloves currently unavailable)
Will    .....                   (boots currently unavailable)
Stlth   ..........              (no amulet)
HPRegen 0.89/turn               (no ring)
MPRegen 0.10/turn               (no ring)

@: mighty
A: fangs 2, regeneration 1, magic shield, antimagic bite, no potion heal 2
a: no special abilities


You were on level 4 of the Dungeon.
You visited 1 branch of the dungeon, and saw 4 of its levels.

You collected 132 gold pieces.

Inventory:

Hand Weapons
 a - a +0 long sword (weapon)
 m - a +1 whip of electrocution
Armour
 b - a +0 scale mail
 c - a +0 buckler (worn)
 f - a scarf of repulsion
 h - the +18 Lear's hauberk (worn)
   (You found it on level 2 of the Dungeon)
 i - the +2 cloak of Ignis's Fury (worn) {Dex+3}
   (You found it on level 2 of the Dungeon)

   Dex:       It affects your dexterity (+3).
Scrolls
 j - 3 scrolls of identify {unknown}
Potions
 e - a potion of haste {unknown}
 g - a potion of heal wounds {unknown}
 k - a potion of berserk rage {unknown}
 l - a potion of magic {unknown}
 n - a potion of degeneration {unknown}


   Skills:
 + Level 3.3 Fighting
 + Level 2.7 Long Blades
 + Level 3.1 Armour
 + Level 1.0 Dodging
 + Level 3.4 Shields


You had 4 spell levels left.
You didn't know any spells.
Your spell library contained the following spells:

 Spells                   Type           Power      Damage    Failure   Level
 Gell's Gravitas          Tloc           0%         N/A       100%        3
 Lesser Beckoning         Tloc           0%         N/A       100%        3
 Teleport Other           Tloc           0%         N/A       100%        3


Dungeon Overview and Level Annotations

Branches:
Dungeon (4/15)
 Temple: D:4-7

Altars:

Annotations:
D:4 Ijyb


Innate Abilities, Weirdness & Mutations

You have extremely sharp teeth.
Your natural rate of healing is unusually fast.
When hurt, damage is shared between your health and your magic reserves.
Your bite disrupts and absorbs the magic of your enemies.
Potions cannot restore your health.


Message History

No target in view!
No target in view!
Ijyb the Twisted Goblin comes into view.
She is wielding a +0 club and carrying a wand of mindburst (22).
Ijyb shouts!
Ijyb zaps a wand.
Your mind is blasted!
Ouch! That really hurt!
There is a stone staircase leading up here.
You start resting.
HP restored.
You start resting.
Ijyb is nearby!
You start resting.
Ijyb is nearby!
You barely miss Ijyb.
Ijyb zaps a wand.
Your mind is blasted!
You hit Ijyb.
Ijyb is lightly wounded.
Ijyb hits you but does no damage.
You barely miss Ijyb. Your bite misses Ijyb.
Ijyb is lightly wounded.
Ijyb hits you but does no damage.
You barely miss Ijyb. Your bite misses Ijyb.
Ijyb is lightly wounded.
Ijyb closely misses you. Ijyb hits you with a +0 club.
You hit Ijyb.
Ijyb is moderately wounded.
Ijyb zaps a wand.
Your mind is blasted!
Ouch! That really hurt!
Unknown command.
You feel very mighty all of a sudden. Ijyb closely misses you.
You hit Ijyb. You bite Ijyb! You drain her power.
You feel invigorated.
Ijyb is almost dead.
Ijyb hits you but does no damage.
You closely miss Ijyb.
Ijyb is almost dead.
Ijyb zaps a wand.
Your mind is blasted!
* * * LOW HITPOINT WARNING * * *
Ijyb zaps a wand.
Your mind is blasted!
Ouch! That really hurt!
You die...

............. ...
.####...#........ ... #.
....#...........###.####..
......#..........##.....#.
......#...................
........<.......##........
................)........
#....@g............#..
..##...###............#..
.........#........#.......
#.....###.g<......#[......
##..#. #.....##.##.......
## # #.....##.....##...
#....#...##..#.. !g.
#.#####.####........ ##
### ####.....


You could see Ijyb.

Vanquished Creatures
  An iguana (D:3)
  4 gnolls
  2 adders
  3 ball pythons
  6 endoplasms
  A giant cockroach (D:1)
  5 goblins
  10 hobgoblins
  3 jackals (D:2)
  3 quokkas
  3 bats
  2 frilled lizards (D:2)
  8 kobolds
  3 rats
54 creatures vanquished.

Notes
Turn   | Place    | Note
-------+----------+-------------------------------------------
     0 | D:1      | Jerry the Vine Stalker Fighter began the quest for the Orb.
     0 | D:1      | Reached XP level 1. HP: 11/11 MP: 2/2
   420 | D:1      | Reached XP level 2. HP: 16/16 MP: 3/3
   639 | D:1      | Reached XP level 3. HP: 14/20 MP: 4/4
  1639 | D:2      | Identified the +2 cloak of Ignis's Fury {Dex+3}
  1919 | D:2      | Found the +18 Lear's hauberk
  2067 | D:2      | Gained mutation: Your natural rate of healing is unusually
                  | fast. [Vine Stalker growth]
  2067 | D:2      | Reached XP level 4. HP: 24/24 MP: 5/5
  2773 | D:3      | Reached XP level 5. HP: 27/28 MP: 6/6
  2970 | D:4      | Reached skill level 1 in Dodging
  2988 | D:4      | Noticed Ijyb
  3019 | D:4      | Blown up by Ijyb

Illustrated notes

Levels and vault maps discovered:
D:1:      dpeg_arrival_solitude, layout_loops_ring, corexii_leaking_fountain,
          chequers_arboretum
D:2:      layout_basic, minmay_misc_feat_hallway
D:3:      layout_loops_cross
D:4:      layout_cave_pools, lemuel_tele_altar,
          minmay_temple_entry_gardened_gates, uniq_ijyb

Skill      XL: |  1  2  3  4  5 |
---------------+----------------+-----
Long Blades    | 2 |  2.7
Fighting       | 3 |  3.3
Shields        | 3 |  3.4
Armour         | 3 |  3.1
Dodging        | 1 |  1.0

Action                   |  1- 3 |  4- 6 || total
-------------------------+-------+-------++-------
Melee: Long sword        |   112 |    57 ||   169
       Bite              |    18 |    14 ||    32
  Use: Scroll            |     2 |       ||     2
       Potion            |       |     1 ||     1
Armor: Scale mail        |    61 |       ||    61
       Chain mail        |     2 |    38 ||    40
Dodge: Dodged            |    53 |    16 ||    69
Block: Buckler           |    31 |    12 ||    43
